 Dungeon Crawl Stone Soup version 0.21.1-1-g345015f (webtiles) character file.

66 Monsterracer the Scratcher (level 3, -5/15 HPs)
             Began as a Felid Transmuter on Feb 10, 2018.
             Slain by a gnoll
             ... wielding a +0 halberd
              (14 damage)
             ... on level 3 of the Dungeon.
             The game lasted 00:02:33 (2158 turns).

Monsterracer the Scratcher (Felid Transmuter)       Turns: 2158, Time: 00:02:34

Health: -5/15      AC:  2    Str:  5 (6)  XL:     3   Next: 96%
Magic:  1/7        EV: 20    Int: 14 (15) God:
Gold:   125        SH:  0    Dex: 16 (19) Spells: 0/6 levels left
                                        Lives:  0   Deaths: 0

rFire    . . .     SeeInvis +     - Unarmed
rCold    . . .     Gourm    .   (shield unavailable)
rNeg     . . .     Faith    .   (armour unavailable)
rPois    x         Spirit   .   (helmet unavailable)
rElec    .         Reflect  .   (cloak unavailable)
rCorr    .         Harm     .   (gloves unavailable)
MR       .....                  (boots unavailable)
Stlth    +.........             (no amulet)
HPRegen  0.05/turn              g - -2 ring of dexterity (curse)
MPRegen  0.10/turn              (no ring)

@: spider-form, very slightly contaminated
A: tiny, no armour, no weapons or thrown items, stealth, see invisible,
carnivore, slow metabolism 1
a: End Transformation


You were on level 3 of the Dungeon.
You were completely stuffed.
You were a venomous arachnid creature.
You visited 1 branch of the dungeon, and saw 3 of its levels.

You collected 125 gold pieces.

Inventory:

Missiles
 a - 33 arrows
Jewellery
 g - a cursed -2 ring of dexterity (left front leg)
Scrolls
 d - 2 scrolls of identify {unknown}
 i - a scroll of remove curse {unknown}
 m - a scroll of fear {unknown}
Potions
 e - a potion of lignification {unknown}
 f - a potion of heal wounds {unknown}
 j - a potion of brilliance {unknown}
 k - a potion of might {unknown}
 l - a potion of mutation {unknown}
Books
 b - a book of Changes

   Spells                             Type                      Level
   a - Beastly Appendage              Transmutation                1
   b - Sticks to Snakes               Transmutation                2
   c - Spider Form                    Transmutation/Poison         3
   d - Ice Form                       Ice/Transmutation            4
   e - Blade Hands                    Transmutation                5
 h - a book of Minor Magic

   Spells                             Type                      Level
   a - Magic Dart                     Conjuration                  1
   b - Blink                          Translocation                2
   c - Call Imp                       Summoning                    2
   d - Slow                           Hexes                        2
   e - Conjure Flame                  Conjuration/Fire             3
   f - Mephitic Cloud                 Conjuration/Poison/Air       3
Comestibles
 c - 2 rations


   Skills:
 - Level 1.0 Fighting
 - Level 2.6 Dodging
 * Level 4.3 Unarmed Combat
 - Level 2.0 Spellcasting
 + Level 3.2 Transmutations


You couldn't memorise any spells.
You knew the following spells:

 Your Spells              Type           Power        Failure   Level  Hunger
a - Beastly Appendage     Tmut           ##....       17%         1    ##.....
b - Sticks to Snakes      Tmut           ##......     24%         2    ###....
c - Spider Form           Tmut/Pois      #.........   58%         3    ####...


Dungeon Overview and Level Annotations

Branches:
Dungeon (3/15)

Altars:


Innate Abilities, Weirdness & Mutations

You cannot wear armour.
You are incapable of wielding weapons or throwing items.
Your paws allow you to move quietly. (Stealth)
((You have sharp claws.))
((You have razor-sharp teeth.))
You have supernaturally acute eyesight. (SInv)
You are carnivorous and can eat meat at any time.
((You cover ground quickly.))
((You are covered in fur. (AC +1)))
You have a slow metabolism.
((Your sharp claws are effective at attacking unaware monsters.))


Message History

Found 16 bolts.
Found a stone staircase leading down.
An ooze comes into view.
You see here 16 bolts.
Casting: Beastly Appendage
Confirm with . or Enter, or press ? or * to list all spells.
You grow a pair of large bovine horns.
You now have 6/7 mp.
The ooze hits you.
You take 2 damage, and have 13/15 hp.
You scratch the ooze but do no damage. The ooze hits you.
You take 3 damage, and have 10/15 hp.
You are too injured to fight recklessly!
You claw the ooze!
The ooze is severely wounded.
You are too injured to fight recklessly!
You scratch the ooze.
The ooze is almost dead.
The ooze misses you.
You scratch the ooze.
You kill the ooze!
Magic restored.
Your transformation is almost over.
Your horns disappear.
Found 18 stones.
Health restored: 15; MP restored: 7 You see here 13 bolts.
There is an escape hatch in the ceiling here.
You now have 125 gold pieces (gained 11).
Key pressed, stopping explore.
A frilled lizard and a dart slug come into view.
The frilled lizard hisses angrily.
There are monsters nearby!
You pounce on the unaware helpless dart slug!
You scratch the dart slug.
You bite the dart slug, but do no damage.
The dart slug is moderately wounded.
You scratch the dart slug.
The dart slug is severely wounded.
The dart slug launches a dart at you. The slug dart misses you.
Casting: Beastly Appendage
Confirm with . or Enter, or press ? or * to list all spells.
You grow a pair of large bovine horns.
The dart slug closely misses you.
You now have 6/7 mp.
You scratch the dart slug.
You kill the dart slug!
You feel your strength returning.
You barely miss the frilled lizard. The frilled lizard closely misses you.
You barely miss the frilled lizard.
The frilled lizard completely misses you.
You scratch the frilled lizard.
The frilled lizard is heavily wounded.
The frilled lizard barely misses you.
A frilled lizard is nearby!
You scratch the frilled lizard.
You kill the frilled lizard!
No target in view!
Key pressed, stopping explore.
No target in view!
Your transformation is almost over.
You butcher the dart slug corpse.
m - a chunk of flesh Eating a chunk of flesh.
You eat the chunk of flesh.
This raw flesh tastes great.
Your horns disappear.
m - a scroll labeled BAME YQIAZ URI MP restored: 7 You see here a stone.
Done exploring.
Done exploring.
You see here a leather armour.
There is a stone staircase leading down here.
You climb downwards.
A kobold comes into view. It is wielding a short sword.
There is a stone staircase leading up here.
The kobold shouts!
You hear a shout! x2
A gnoll comes into view. It is wielding a halberd.
The kobold misses you.
You claw the kobold!
You kill the kobold!
A gnoll comes into view.
You see here a short sword.
Casting: Beastly Appendage
Confirm with . or Enter, or press ? or * to list all spells.
You miscast Spider Form.
You are very lightly contaminated with residual magic.
You feel mildly nauseous.
You now have 4/7 mp.
Casting: Spider Form
Confirm with . or Enter, or press ? or * to list all spells.
You turn into a venomous arachnid creature.
The gnoll barely misses you.
You now have 1/7 mp.
The gnoll hits you with a halberd.
You take 6 damage, and have 9/15 hp.
MASSIVE DAMAGE!!
You hit the gnoll but do no damage.
The gnoll is poisoned.
The gnoll hits you with a halberd!
Ouch! That really hurt!
You die...

#.. #... #...
#... .. #...#
...
#...#####.##.
+....<.......
#.........##.
#...s.....##
#...g......#
#...)......#
#...g........
##...........
#.....#.....
#.....#....
#.....+ .#.
#.....# #


You could see 2 gnolls.

Vanquished Creatures
  2 adders
  An ooze (D:2)
  4 dart slugs
  A leopard gecko (D:2)
  A ball python (D:1)
  3 bats (D:1)
  2 giant cockroaches
  6 goblins
  2 hobgoblins (D:2)
  3 jackals (D:1)
  6 kobolds
  2 frilled lizards
  5 rats
  A fungus (D:1)
39 creatures vanquished.

Notes
Turn   | Place    | Note
-------+----------+-------------------------------------------
     0 | D:1      | Monsterracer the Felid Transmuter began the quest for the Orb.
     0 | D:1      | Reached XP level 1. HP: 9/9 MP: 4/4
   199 | D:1      | Reached XP level 2. HP: 12/12 MP: 4/6
   203 | D:1      | Learned a level 2 spell: Sticks to Snakes
   531 | D:1      | Reached XP level 3. HP: 14/15 MP: 7/7
   536 | D:1      | Learned a level 3 spell: Spider Form
  1013 | D:2      | Reached skill level 4 in Unarmed Combat
  1059 | D:1      | HP: 7/15 [poisoned by an adder]
  1464 | D:2      | HP: 5/15 [adder (5)]
  1465 | D:2      | HP: 2/15 [adder (3)]
  1470 | D:2      | HP: 7/15 [adder (4)]
  1479 | D:2      | HP: 4/15 [leopard gecko (4)]
  1606 | D:2      | HP: 2/15 [hobgoblin/club (6)]
  2158 | D:3      | Slain by a gnoll

Skill      XL: |  1  2  3 |
---------------+----------+-----
Unarmed Combat | 4 |  4.3
Transmutations | 3 |  3.2
Fighting       | |  1.0
Dodging        | |  2.6
Spellcasting   | |  2.0

Action                   || total
-------------------------++-------
Melee: Unarmed           ||   109
       Bite              ||    12
       Punch             ||     2
       Headbutt          ||     1
 Cast: Beastly Appendage ||    17
       Sticks to Snakes  ||     4
       Spider Form       ||     1
  Use: Potion            ||     3
 Stab: Sleeping          ||     3
  Eat: Chunk             ||    11
Armor: Skin              ||     5
Dodge: Dodged            ||    81

Vault maps used:
D:1:      dpeg_arrival_chase, minmay_gold_behind_fungi, feat_on_display
D:3:      lemuel_round_altar, minmay_misc_feat_roman, kennysheep_generic_room_5,
          uniq_terence
